 Dungeon Sprint DCSS version 0.29-a0-813-g4a14ea37d6 (webtiles) character file.

Game seed: 11035894842918386243

1495 mhtbhm the Grappler (level 8, -21/88 HPs)
             Began as a Troll Transmuter on July 4, 2022.
             Was an Initiate of Gozag.
             Killed from afar by an efreet (45 damage)
             ... with a bolt of fire
             ... in the Dungeon (Sprint VII: "The Pits").
             The game lasted 00:02:41 (810 turns).

mhtbhm the Grappler (Troll Transmuter)               Turns: 810, Time: 00:02:44

Health: -21/88     AC:  5    Str: 21    XL:     8   Next: 51%
Magic:  10/15      EV: 11    Int:  9    God:    Gozag
Gold:   1548       SH:  0    Dex: 10    Spells: 8/18 levels left

rFire   x . .      SeeInvis .     - Unarmed
rCold   + + +      Faith    .   (shield currently unavailable)
rNeg    . . .      Spirit   .   (body armour currently unavailable)
rPois   +          Reflect  .   (helmet currently unavailable)
rElec   .          Harm     .   (cloak currently unavailable)
rCorr   .          Rampage  .   (gloves unavailable)
Will    .....      NoTele   +   (boots unavailable)
Stlth   ++........              (no amulet)
HPRegen 1.04/turn               (no ring)
MPRegen 0.14/turn               (no ring)

@: ice-form, wereblooded, gold aura
A: freezing attack, amphibious, boosted hp, large, unfitting armour, (claws 3),
regeneration 1, (shaggy fur 1), (tough skin 1)
a: End Transformation, Renounce Religion, Potion Petition, Call Merchant, Bribe
Branch


You were in the Dungeon.
You worshipped Gozag.
Gozag was most pleased with you.
You were a creature of crystalline ice.
You visited 1 branch You collected 1548 gold pieces.

Inventory:

Armour
 a - a +0 robe (melded)
Scrolls
 h - a scroll of blinking
 j - 5 scrolls of amnesia
 k - a scroll of summoning
Potions
 b - a potion of lignification
 c - 5 potions of curing
 d - 3 potions of heal wounds
 e - a potion of haste
 f - 4 potions of magic
 g - 3 potions of berserk rage
 i - 2 potions of invisibility


   Skills:
 + Level 2.3 Fighting
 + Level 5.7 Dodging
 + Level 2.0 Stealth
 + Level 13.2 Unarmed Combat
 + Level 5.5 Spellcasting
 + Level 6.1 Transmutations
 + Level 0.6 Ice Magic


You had 8 spell levels left.
You knew the following spells:

 Your Spells              Type           Power      Damage    Failure   Level
a - Beastly Appendage     Tmut           26%        N/A       1%          1
b - Wereblood             Tmut           13%        N/A       2%          2
c - Spider Form           Tmut/Pois      8%         N/A       21%         3
d - Ice Form              Ice/Tmut       8%         N/A       50%         4

Your spell library contained the following spells:

 Spells                   Type           Power      Damage    Failure   Level


Dungeon Overview and Level Annotations

Branches:
Dungeon (1/1)

Altars:
Ashenzari
Cheibriados
Dithmenos
Elyvilon
Fedhas
Gozag
Hepliaklqana
Kikubaaqudgha
Makhleb
Nemelex Xobeh
Okawaru
Qazlal
Ru
Sif Muna
Trog
Uskayaw
Vehumet
Wu Jian
Xom
Yredelemnul
Zin
The Shining One
Jiyva
Lugonu


Innate Abilities, Weirdness & Mutations

You are a creature of crystalline ice.
You have a powerful freezing melee attack.
You are amphibious.
Your maximum health is increased.
Your armour is entirely melded.
You are incapable of wielding weapons or throwing items.
You are too large for most types of armour.
((You have claws for hands.))
Your natural rate of healing is unusually fast.
((You are covered in fur. (AC +1)))
((You have tough skin. (AC +1)))


Message History

An orc, a troll and an efreet come into view.
The efreet is wielding a +0 scimitar of flaming.
The orc shouts!
The efreet gestures at you.
The fireball explodes!
The fireball engulfs you!!! The fire burns you terribly!
Ouch! That really hurt!
Which direction?
You close the door.
You feel much better.
An orc opens the door.
The efreet gestures at you. The bolt of fire hits you!!
The fire burns you terribly!
Unknown command.
There is an open door here.
You hit the orc. You freeze the orc.
The orc is moderately wounded.
You punch the troll! You freeze the troll!
The troll is heavily wounded.
Unknown command.
You pummel the troll!! You freeze the troll.
You feel a bit better.
You kill the troll!
Your Stealth skill increases to level 2!
Your Unarmed Combat skill increases to level 13!
Your Transmutations skill increases to level 6!
Unknown command.
You howl as the wereblood boils in your veins!
The orc hits you but does no damage.
The efreet hits you with a +0 scimitar of flaming!!
* * * LOW HITPOINT WARNING * * *
The efreet melts you.
* * * LOW HITPOINT WARNING * * *
There is an open door, spattered with blood here.
You see here 189 gold pieces.
You punch the efreet! You freeze the efreet.
The efreet is heavily wounded.
The orc hits you but does no damage. The efreet gestures at you.
The bolt of fire hits you!!! The fire burns you terribly!
Ouch! That really hurt!
You die...
Your body crumbles into a pile of gold.

#.#...).#'###...<...#
#.#........##.......#
#.#........##.......#
#)###########.......#
#)))....#..##########
#...#...#)######
#...#...#)#....#
#.##.##.#)#....#
#...#...#.YR...+
#...#...#'#o...#
#.......'.#....#
################


You could see an efreet and an orc.

Vanquished Creatures
  A hellwing (D)
  A troll (D)
  A floating eye (D)
  Duvessa (D)
  An orc warrior (D)
  A black bear (D)
  A wolf (D)
  A bullfrog (D)
  2 scorpions (D)
  4 wights (D)
  Dowan (D)
  2 orc priests (D)
  2 orc wizards (D)
  A river rat (D)
  An ufetubus (D)
  5 orcs (D)
  A bat skeleton (D)
  A quokka (D)
  2 frilled lizards (D)
30 creatures vanquished.

Notes
Turn   | Place    | Note
-------+----------+-------------------------------------------
     0 | D        | mhtbhm the Troll Transmuter began the quest for the Orb.
     0 | D        | Reached XP level 1. HP: 18/18 MP: 1/1
    17 | D        | Found a bloodstained altar of Trog.
    17 | D        | Found a shimmering blue altar of Sif Muna.
    17 | D        | Found a viscous altar of Jiyva.
    17 | D        | Found a hazy altar of Hepliaklqana.
    17 | D        | Found an opulent altar of Gozag.
    18 | D        | Found a glowing golden altar of the Shining One.
    18 | D        | Found a glowing silver altar of Zin.
    18 | D        | Found a basalt altar of Yredelemnul.
    18 | D        | Found a shimmering altar of Xom.
    18 | D        | Found an ornate altar of the Wu Jian Council.
    18 | D        | Found a sacrificial altar of Ru.
    18 | D        | Found a stormy altar of Qazlal.
    18 | D        | Found an iron altar of Okawaru.
    18 | D        | Found a sparkling altar of Nemelex Xobeh.
    18 | D        | Found a burning altar of Makhleb.
    18 | D        | Found a blossoming altar of Fedhas.
    18 | D        | Found a white marble altar of Elyvilon.
    18 | D        | Found a shadowy altar of Dithmenos.
    18 | D        | Found a snail-covered altar of Cheibriados.
    20 | D        | Found a radiant altar of Vehumet.
    20 | D        | Found a corrupted altar of Lugonu.
    21 | D        | Found a hide-covered altar of Uskayaw.
    21 | D        | Found an ancient bone altar of Kikubaaqudgha.
    21 | D        | Found a broken altar of Ashenzari.
    25 | D        | Became a worshipper of Gozag Ym Sagoz the Greedy
   137 | D        | Noticed a floating eye
   141 | D        | Reached skill level 4 in Unarmed Combat
   141 | D        | Killed a floating eye
   142 | D        | Reached skill level 1 in Fighting
   142 | D        | Reached skill level 7 in Unarmed Combat
   142 | D        | Reached XP level 2. HP: 27/27 MP: 1/4
   142 | D        | Reached XP level 3. HP: 33/33 MP: 1/6
   142 | D        | Reached XP level 4. HP: 41/41 MP: 1/7
   150 | D        | Learned a level 2 spell: Wereblood
   154 | D        | Learned a level 3 spell: Spider Form
   301 | D        | Noticed a scorpion
   304 | D        | Killed a scorpion
   305 | D        | Reached skill level 8 in Unarmed Combat
   305 | D        | Reached XP level 5. HP: 48/48 MP: 2/8
   322 | D        | Reached skill level 9 in Unarmed Combat
   331 | D        | Reached XP level 6. HP: 55/55 MP: 5/10
   408 | D        | Reached skill level 10 in Unarmed Combat
   410 | D        | Noticed Duvessa
   412 | D        | Noticed Dowan
   418 | D        | Killed Duvessa
   419 | D        | Reached skill level 1 in Stealth
   420 | D        | Killed Dowan
   421 | D        | Reached XP level 7. HP: 63/63 MP: 8/12
   422 | D        | Reached skill level 11 in Unarmed Combat
   422 | D        | Reached skill level 5 in Transmutations
   456 | D        | Learned a level 4 spell: Ice Form
   553 | D        | Reached skill level 5 in Dodging
   553 | D        | Reached skill level 12 in Unarmed Combat
   555 | D        | Noticed a hellwing
   568 | D        | Killed a hellwing
   569 | D        | Reached skill level 5 in Spellcasting
   569 | D        | Reached XP level 8. HP: 30/72 MP: 12/14
   802 | D        | Noticed a troll
   802 | D        | Noticed an efreet
   808 | D        | Killed a troll
   809 | D        | Reached skill level 13 in Unarmed Combat
   810 | D        | Killed from afar by an efreet

Illustrated notes

Levels and vault maps discovered:
D:        pitsprint [storerooms_1, entrance_room_1, metal_vault_5, armoury_2,
          mini_pit_1, grid_room_1, main_hall_1, silver_pit, the_coven_2,
          the_vestibule_1, steel_vault_4, golden_pit, hallway_of_sentries,
          crystal_vault_6, iron_vault_3, final_vault]

Skill      XL: |  1  2  3  4  5  6  7  8 |
---------------+-------------------------+-----
Unarmed Combat | 7 8 9 10 12 13 | 13.2
Fighting       | 1 2 |  2.3
Dodging        | 3 4 5 |  5.7
Spellcasting   | 2 3 4 5 |  5.5
Transmutations | 3 4 5 6 |  6.1
Stealth        | 1 2 |  2.0
Ice Magic      | |  0.6

Action                   |  1- 3 |  4- 6 |  7- 9 || total
-------------------------+-------+-------+-------++-------
Melee: Unarmed           |     6 |    32 |    35 ||    73
       Punch             |     1 |     1 |     3 ||     5
       Kick              |       |     2 |     4 ||     6
       Headbutt          |       |     1 |     3 ||     4
 Cast: Beastly Appendage |     2 |     2 |     3 ||     7
       Wereblood         |       |     2 |     2 ||     4
       Ice Form          |       |       |     2 ||     2
  Use: Potion            |       |     1 |     3 ||     4
 Stab: Distracted        |       |     1 |     1 ||     2
Armor: Robe              |       |     9 |     7 ||    16
       Skin              |       |       |     2 ||     2
Dodge: Dodged            |     5 |    11 |    14 ||    30

Table legend: (Time is in decaauts)
 A = Elapsed time spent in this place.
 B = Non-inter-level travel time spent in this place.
 C = Inter-level travel time spent in this place.
 D = Time resting spent in this place.
 E = Time spent auto-exploring this place.
 F = Levels seen in this place.
 G = Mean time per level.
                   A        B        C        D        E       F      G
               +--------+--------+--------+--------+--------+-----+--------+
         Total |    796 |    796 |      0 |    501 |     26 |   1 |  796.0 |
       Dungeon |    796 |    796 |      0 |    501 |     26 |   1 |  796.0 |
               +--------+--------+--------+--------+--------+-----+--------+

Top non-repeatable levels by time:
       D: 796 daAuts
